[Event "Elite Hotels Open 2023"]
[Site "Elite Stadshotellet, Kungsgatan 6, Vaxjo, Sweden"]
[Date "2023.02.12"]
[Round "8.7"]
[White "Kristensen, Kaare Hove"]
[Black "Krantz, Christopher"]
[Result "1-0"]
[TimeControl "15 minutes + 5 seconds per move from move one (Round 1 - 4) / 90 minutes + 30 seconds per move from move one (Round 5 - 8)"]
[WhiteTitle "IM"]
[WhiteFideId "1400940"]
[BlackFideId "1707876"]
[WhiteElo "2210"]
[BlackElo "2262"]

1. e4 e5 2. Nf3 Nc6 3. d4 exd4 4. Nxd4 Nf6 5. Nxc6 bxc6 6. Bd3 d5 7. Qe2 dxe4 8. Nc3 Bb4 9. Bxe4 Bxc3+ 10. bxc3 Nxe4 11. Qxe4+ Qe7 12. Qxe7+ Kxe7 13. Bf4 Bf5 14. O-O-O Rhc8 15. Rhe1+ Be6 16. Rd4 a6 17. a3 Kf8 18.
Rb4 Rcb8 19. Bxc7 Rxb4 20. cxb4 Ra7 21. Bd6+ Ke8 22. f4 Kd8 23. Be5 g6 24. Bd4 Rd7 25. c3 Kc7 26. Kd2 Rd8 27.
Ke3 h5 28. a4 Bd5 29. Kf2 Kd7 30. Rd1 Bb3 31. Rd2 Kc8 32. a5 Bc4 33. Kg3 Rd5 34. Rf2 Bd3 35. Rf3 Bf5 36. Re3 Be6 37.
Kh4 Rd8 38. Rxe6 fxe6 39. Kg5 Kd7 40. g3 Kd6 41. Kxg6 Rd7 42. h4 Kd5 43. Kxh5 Ke4 44. Kg6 Rd6 45. Be5 Rd3 46. g4 Rd8 47.
g5 Rg8+ 48. Kf7 Rc8 49. Kxe6 c5 50. h5 1-0

[Event "Elite Hotels Open 2023"]
[Site "Elite Stadshotellet, Kungsgatan 6, Vaxjo, Sweden"]
[Date "2023.02.12"]
[Round "8.8"]
[White "Lindberg, Bengt"]
[Black "Strom-Engdahl, Alexander"]
[Result "1-0"]
[TimeControl "15 minutes + 5 seconds per move from move one (Round 1 - 4) / 90 minutes + 30 seconds per move from move one (Round 5 - 8)"]
[WhiteTitle "IM"]
[WhiteFideId "1700359"]
[BlackFideId "1741586"]
[WhiteElo "2354"]
[BlackElo "2097"]

1. e4 e6 2. d4 d5 3. Nc3 Bb4 4. e5 c5 5. a3 Bxc3+ 6. bxc3 Ne7 7. h4 Qc7 8. Nf3 Bd7 9. a4 Qa5 10.
Qd2 Nbc6 11. dxc5 Qxc5 12. h5 h6 13. Rb1 Na5 14. Rh4 Rc8 15. Rg4 Kf8 16. Ra1 b6 17. c4 Qc7 18. Ba3 Bc6 19.
Bd6 Qd7 20. Nd4 Nb7 21. cxd5 exd5 22. Bxe7+ Qxe7 23. Be2 Qxe5 24. Ra3 Nd6 25. Qb4 Kg8 26. Re3 Ne4 27. f3 Qd6 28. Qb2 Bd7 29.
Rxg7+ Kf8 30. fxe4 Qe5 31. Rgg3 dxe4 32. Ne6+ Qxe6 33. Qxh8+ Ke7 34. Qd4 f5 35. Rg7+ Kd8 36. Bb5 1-0

[Event "Elite Hotels Open 2023"]
[Site "Elite Stadshotellet, Kungsgatan 6, Vaxjo, Sweden"]
[Date "2023.02.12"]
[Round "8.9"]
[White "Lindholm, Gustav"]
[Black "Poley, Vladimir"]
[Result "0-1"]
[TimeControl "15 minutes + 5 seconds per move from move one (Round 1 - 4) / 90 minutes + 30 seconds per move from move one (Round 5 - 8)"]
[BlackTitle "IM"]
[WhiteFideId "1736515"]
[BlackFideId "13500090"]
[WhiteElo "2128"]
[BlackElo "2325"]

1. d4 g6 2. c4 Bg7 3. Nf3 d6 4. g3 Nf6 5. Bg2 O-O 6. Nc3 Re8 7. O-O Bd7 8. e4 e5 9. d5 a5 10.
Ne1 Na6 11. Nd3 b6 12. f3 Rf8 13. Bg5 h6 14. Be3 Ne8 15. Qd2 Kh7 16. Rae1 Nc5 17. f4 exf4 18. gxf4 Nxd3 19. Qxd3 f5 20.
e5 dxe5 21. fxe5 Bxe5 22. Bxh6 Bxh2+ 23. Kxh2 Kxh6 24. d6 Qh4+ 25. Kg1 Rd8 26. dxc7 Nxc7 27. Qd2+ Qg5 28. Qd6 Ne6 29. Rxe6 Bxe6 30.
Qxe6 Rfe8 31. Qc6 Rd2 32. Qf3 Re3 33. Qa8 Rxg2+ 34. Qxg2 Rg3 0-1

[Event "Elite Hotels Open 2023"]
[Site "Elite Stadshotellet, Kungsgatan 6, Vaxjo, Sweden"]
[Date "2023.02.12"]
[Round "8.10"]
[White "Wagner, Stephan"]
[Black "Grahn, Vidar"]
[Result "1-0"]
[TimeControl "15 minutes + 5 seconds per move from move one (Round 1 - 4) / 90 minutes + 30 seconds per move from move one (Round 5 - 8)"]
[WhiteFideId "1613251"]
[BlackFideId "1744780"]
[WhiteElo "2264"]
[BlackElo "2059"]

1. c4 c5 2. Nc3 Nc6 3. g3 g6 4. Bg2 Bg7 5. e3 e5 6. Nge2 d6 7. b3 Bf5 8. d3 Nge7 9. Bb2 Qd7 10.
Nd5 Nxd5 11. cxd5 Nb4 12. e4 Bh3 13. O-O h5 14. a3 Na6 15. f4 h4 16. fxe5 dxe5 17. Bxh3 Qxh3 18. Rf2 hxg3 19.
Nxg3 O-O-O 20. Qc2 Bh6 21. Bxe5 Be3 22. Bxh8 Rxh8 23. Nf1 Bd4 24. Re1 Rh4 25. Kh1 Bxf2 26. Qxf2 g5 27. Re3 Qd7 28.
Rf3 Rh7 29. Qg3 g4 30. Rf5 Rg7 31. Qe5 Rh7 32. Rg5 b5 33. Ng3 c4 34. dxc4 bxc4 35. Qc3 Qd6 36. Qxc4+ Nc7 37. Rxg4 Rh8 38.
Qc3 Re8 39. b4 Kb8 40. Nf5 Qa6 41. d6 Ne6 42. Qf3 Rc8 43. e5 Qb6 44. Rg1 Ng5 45. Qg2 Ne6 46. Ne7 Rh8 47. Nc6+ Kc8 48.
Ne7+ Kb8 49. Rc1 Qe3 50. Nc6+ Kc8 51. Nxa7+ Kb8 52. Nc6+ Kc8 53. Ne7+ Kb8 54. Rf1 Nf4 55. Qf3 Qd2 56.
Qxf4 Qe2 57. Qf2 Qe4+ 58. Qg2 Qd3 59. Nc6+ Kc8 60. Na5 Rh7 61. Qc6+ 1-0

[Event "Elite Hotels Open 2023"]
[Site "Elite Stadshotellet, Kungsgatan 6, Vaxjo, Sweden"]
[Date "2023.02.12"]
[Round "8.11"]
[White "Eriksson, Christian Altenburg"]
[Black "Johansson, Gunnar"]
[Result "1/2-1/2"]
[TimeControl "15 minutes + 5 seconds per move from move one (Round 1 - 4) / 90 minutes + 30 seconds per move from move one (Round 5 - 8)"]
[WhiteFideId "1412159"]
[BlackFideId "1703501"]
[WhiteElo "2104"]
[BlackElo "2260"]

1. e4 c5 2. c3 Nf6 3. e5 Nd5 4. Nf3 d6 5. Bb5+ Bd7 6. Bc4 e6 7. d4 Bc6 8. O-O Nd7 9. Qe2 cxd4 10.
cxd4 Be7 11. Re1 Rc8 12. Bxd5 Bxd5 13. Nc3 Nb6 14. Bf4 O-O 15. Rac1 Qd7 16. h4 Rfd8 17. Ng5 dxe5 18. dxe5 h6 19.
Nge4 Bxe4 20. Nxe4 Nd5 21. Qg4 h5 22. Qg3 Rxc1 23. Bxc1 Rc8 24. Bg5 Kf8 25. Qf3 Bxg5 26. hxg5 g6 27.
Nf6 Qb5 28. Rd1 Nxf6 29. Qxf6 Kg8 30. b3 a5 31. Rd4 b6 32. Kh2 Qc6 33. Rd6 Qc2 34. Rd8+ Rxd8 35. Qxd8+ Kg7 36. Qf6+ 1/2-1/2

[Event "Elite Hotels Open 2023"]
[Site "Elite Stadshotellet, Kungsgatan 6, Vaxjo, Sweden"]
[Date "2023.02.12"]
[Round "8.12"]
[White "Burwick, Malte"]
[Black "Karlsson, Jorgen"]
[Result "1-0"]
[TimeControl "15 minutes + 5 seconds per move from move one (Round 1 - 4) / 90 minutes + 30 seconds per move from move one (Round 5 - 8)"]
[WhiteFideId "1702475"]
[BlackFideId "1711679"]
[WhiteElo "2219"]
[BlackElo "1987"]

1. d4 g6 2. Nf3 d6 3. e4 Bg7 4. Bc4 e6 5. O-O Ne7 6. a4 O-O 7. Bb3 h6 8. a5 b5 9. axb6 cxb6 10.
Re1 Bb7 11. h4 Nd7 12. Nc3 a6 13. Bf4 Qc7 14. Qd2 Kh7 15. e5 d5 16. Ne2 b5 17. g4 Nb6 18. Kg2 Nc4 19. Qc1 b4 20.
c3 a5 21. Rh1 Rh8 22. Bc2 Kg8 23. cxb4 axb4 24. Rxa8+ Bxa8 25. h5 Na5 26. Bd2 Qc4 27. Qd1 g5 28. Nc1 Qb5 29. b3 Nec6 30.
Bd3 Qb6 31. Be3 Bf8 32. Bb1 Na7 33. Nxg5 hxg5 34. Bxg5 Nb5 35. h6 Bxh6 36. Qc2 Nc6 37. Rxh6 1-0

[Event "Elite Hotels Open 2023"]
[Site "Elite Stadshotellet, Kungsgatan 6, Vaxjo, Sweden"]
[Date "2023.02.12"]
[Round "8.13"]
[White "Mattsson, Michael"]
[Black "Sevastianov, Andrii"]
[Result "1/2-1/2"]
[TimeControl "15 minutes + 5 seconds per move from move one (Round 1 - 4) / 90 minutes + 30 seconds per move from move one (Round 5 - 8)"]
[WhiteFideId "1708961"]
[BlackFideId "1730240"]
[WhiteElo "2048"]
[BlackElo "2160"]

1. e4 c6 2. d4 d5 3. Nc3 dxe4 4. Nxe4 Nf6 5. Nxf6+ exf6 6. c3 Bd6 7. Bd3 Na6 8. Qc2 h5 9.
Ne2 Qc7 10. Be3 Be6 11. h4 g6 12. a3 Kf8 13. c4 Qd7 14. O-O Nc7 15. Rfd1 Kg7 16. Nf4 Rac8 17. Be4 Rhe8 18. b3 Bg4 19.
Rd2 f5 20. Bf3 Bxf3 21. gxf3 Qe7 22. Ng2 Ne6 23. Re2 Qf6 24. Rd1 a6 25. Bc1 Kh7 26. Qd2 Rcd8 27. Qh6+ Kg8 28. Bb2 Nc7 29.
Rde1 Qg7 30. Qxg7+ Kxg7 31. c5 Rxe2 32. Rxe2 Bf8 33. d5+ f6 34. d6 Nd5 35. Ne3 Nf4 36. Rd2 Kf7 37. Kf1 Bh6 38.
Rd1 Ne6 39. b4 Bxe3 40. fxe3 a5 41. Bd4 axb4 42. axb4 Ra8 43. Rb1 Nf8 44. b5 Ke6 45. bxc6 bxc6 46. Rb7 Kd5 47. Rg7 Ne6 48.
Rxg6 Nxd4 49. exd4 Kxd4 50. Rxf6 Kxc5 51. d7 Rd8 52. Rxf5+ Kd6 53. Rxh5 Rxd7 54. Rg5 c5 55. h5 c4 56.
h6 Rh7 57. Rh5 Ke7 58. f4 Kf7 59. f5 Kg8 60. Rg5+ Kh8 61. Rg6 Rf7 62. f6 Rf8 63. Ke2 Kh7 64. Rg4 Rxf6 1/2-1/2

[Event "Elite Hotels Open 2023"]
[Site "Elite Stadshotellet, Kungsgatan 6, Vaxjo, Sweden"]
[Date "2023.02.12"]
[Round "8.14"]
[White "Ernst, Thomas"]
[Black "Mashhadi, Peyman"]
[Result "1-0"]
[TimeControl "15 minutes + 5 seconds per move from move one (Round 1 - 4) / 90 minutes + 30 seconds per move from move one (Round 5 - 8)"]
[WhiteTitle "GM"]
[WhiteFideId "1700065"]
[BlackFideId "1768581"]
[WhiteElo "2286"]
[BlackElo "2018"]

1. e4 e6 2. d4 d5 3. Nc3 Nf6 4. Bg5 Be7 5. e5 Nfd7 6. Bxe7 Qxe7 7. f4 a6 8. Nf3 c5 9. dxc5 Nc6 10.
Bd3 Qxc5 11. Qd2 b5 12. a4 b4 13. Ne2 Bb7 14. Ng3 Rc8 15. Qf2 Na5 16. Nd4 Nc4 17. b3 Nb2 18. Nge2 Qe7 19.
O-O O-O 20. Qe3 Nxd3 21. cxd3 g6 22. Rac1 Nc5 23. Rc2 Rc7 24. Rfc1 Rfc8 25. a5 Ba8 26. Qd2 Qd8 27. Ng3 Nb7 28.
Qxb4 Rxc2 29. Rxc2 Rxc2 30. Nxc2 Qc7 31. Nd4 Nxa5 32. Nge2 Kg7 33. Kf2 Nb7 34. Ke3 h6 35. Qa4 Nc5 36.
Qe8 Bb7 37. b4 Nb3 38. Qxe6 Nxd4 39. Qf6+ Kg8 40. Kxd4 Qc2 41. Ke3 d4+ 42. Nxd4 Qxg2 43. e6 fxe6 44. Qxe6+ Kh7 45. Qd7+ Kh8 46.
Ne6 Qf3+ 47. Kd4 Qf2+ 48. Ke5 Qe1+ 49. Kf6 Qa1+ 50. d4 1-0

[Event "Elite Hotels Open 2023"]
[Site "Elite Stadshotellet, Kungsgatan 6, Vaxjo, Sweden"]
[Date "2023.02.12"]
[Round "8.16"]
[White "Eriksson, Kristian"]
[Black "Lindborg, Patrik"]
[Result "1/2-1/2"]
[TimeControl "15 minutes + 5 seconds per move from move one (Round 1 - 4) / 90 minutes + 30 seconds per move from move one (Round 5 - 8)"]
[WhiteFideId "1705172"]
[BlackFideId "1707507"]
[WhiteElo "2053"]
[BlackElo "2184"]

1. e4 c5 2. Nc3 e6 3. Nf3 Nc6 4. Bb5 Qc7 5. O-O Nf6 6. Re1 Ng4 7. Bxc6 bxc6 8. e5 Be7 9. d3 h5 10.
h3 Nh6 11. Ne4 Nf5 12. Bf4 a5 13. Qd2 Nd4 14. Nxd4 cxd4 15. c3 dxc3 1/2-1/2

[Event "Elite Hotels Open 2023"]
[Site "Elite Stadshotellet, Kungsgatan 6, Vaxjo, Sweden"]
[Date "2023.02.12"]
[Round "8.17"]
[White "Ask, Josef"]
[Black "Falkevall, Axel"]
[Result "0-1"]
[TimeControl "15 minutes + 5 seconds per move from move one (Round 1 - 4) / 90 minutes + 30 seconds per move from move one (Round 5 - 8)"]
[WhiteTitle "FM"]
[BlackTitle "FM"]
[WhiteFideId "1704583"]
[BlackFideId "1735560"]
[WhiteElo "2169"]
[BlackElo "2299"]

1. e4 e5 2. Nc3 Nf6 3. g3 Bc5 4. Bg2 c6 5. d3 O-O 6. h3 h6 7. Nge2 d5 8. O-O dxe4 9. dxe4 Qe7 10.
Kh2 b5 11. a3 a5 12. b3 Ba6 13. Qe1 Rd8 14. Nd1 b4 15. a4 Ra7 16. Ne3 Bxe3 17. Bxe3 c5 18. f4 Nc6 19. Rf2 Rad7 20.
f5 c4 21. Bb6 Rb8 22. Be3 Rc8 23. Rc1 cxb3 24. cxb3 Rd3 25. Bc5 Qd7 26. Rb1 Nd8 27. Bb6 Nb7 28. Nc1 Rd1 29. Qe3 Rc3 0-1

[Event "Elite Hotels Open 2023"]
[Site "Elite Stadshotellet, Kungsgatan 6, Vaxjo, Sweden"]
[Date "2023.02.12"]
[Round "8.18"]
[White "Wiklund, Johan"]
[Black "Johansson, Ulf"]
[Result "0-1"]
[TimeControl "15 minutes + 5 seconds per move from move one (Round 1 - 4) / 90 minutes + 30 seconds per move from move one (Round 5 - 8)"]
[WhiteFideId "1713817"]
[BlackFideId "1701380"]
[WhiteElo "1899"]
[BlackElo "2205"]

1. Nf3 Nf6 2. c4 g6 3. b3 Bg7 4. Bb2 O-O 5. g3 c6 6. Bg2 d5 7. cxd5 cxd5 8. O-O Nc6 9. d3 d4 10.
Na3 a6 11. Nc4 Nd5 12. a4 b6 13. a5 b5 14. Nb6 Nxb6 15. axb6 Bb7 16. Rc1 Qxb6 17. Qc2 Rfc8 18. Qb1 e5 19.
Ba3 b4 20. Bb2 Ne7 21. Rxc8+ Rxc8 22. Rc1 Rxc1+ 23. Qxc1 Bd5 24. Qc2 Qc6 25. Qxc6 Nxc6 26. Nd2 Bxg2 27. Kxg2 Na5 28. e3 f5 29.
Kf3 Kf7 30. Ke2 Ke6 31. Bc1 Kd5 32. exd4 exd4 33. f4 Kc5 34. Kd1 Bf6 35. Kc2 Nc6 36. Nf3 Ne7 37. Bd2 Nd5 38. Bc1 a5 39.
Bd2 Kb5 40. Be1 Ne3+ 41. Kd2 a4 42. bxa4+ Kxa4 43. Bf2 Ka3 44. Bxe3 dxe3+ 45. Kxe3 Bc3 46. Ne5 Bxe5 47. fxe5 b3 0-1